Remparts vs Ice Dragons

Created - April 24, 2020 at 19:55

Goals
1 2 3 T
Remparts 0 1 1 2
Ice Dragons 0 1 0 1
Shots
1 2 3 T
Remparts 9 12 10 31
Ice Dragons 9 13 15 37

1st period

No Goal

Penalties :
No Penalty

2nd period

1. Ice Dragons , Boone Jenner 20 (Adam Clendening 8) at 5:23
2. Remparts , Jerry D'Amigo 7 (Cédric Lalonde-McNicoll 24, Michael Latta 26) at 10:10

Penalties :
Brayden McNabb (Kin) for Hooking (Minor) at 0:12, Brandon Kozun (Kin) for Cross-checking (Minor) at 8:01, Justin Shugg (Kin) for Holding Stick (Minor) at 14:08, Justin Shugg (Kin) for Roughing (Minor) at 17:27

3rd period

3. Remparts , John Draeger 2 (Rickard Rakell 25) at 6:07

Penalties :
Rickard Rakell (Que) for Interference (Minor) at 6:27, Brayden McNabb (Kin) for Hooking (Minor) at 11:07

Goalie Stats

Garret Sparks (Que), 36 saves from 37 shots - (0.973), W, 15-18-3, 60:00 minutes
Harru Sateri (Kin), 29 saves from 31 shots - (0.935), L, 30-21-6, 58:50 minutes

Players Stats for Remparts

Player Name              G  A  P  +/- PIM S  H  SB GA TA FO     MP     PP MP  PK MP  
------------------------------------------------------------------------------------
Anton Zlobin             0  0  0   0  0   0  0  0  0  0  0/0     0:00   0:00   0:00 
Brayden Point            0  0  0   0  0   1  2  0  0  0  1/3     8:00   0:00   0:00 
Cédric Lalonde-McNicoll  0  1  1   1  0   3  0  0  0  0  2/4    12:15   0:00   0:00 
Cedric Paquette          0  0  0   0  0   0  0  0  0  0  0/0     1:07   0:07   0:32 
Colin Smith              0  0  0   0  0   0  0  0  0  0  0/0     0:00   0:00   0:00 
Guillaume Desbiens       0  0  0   0  0   4  2  0  0  0  1/1    16:34   4:39   0:24 
Jake Virtanen            0  0  0   0  0   0  1  0  0  0  0/0     8:00   0:00   0:00 
Jerry D'Amigo            1  0  1   1  0   2  1  0  0  0  0/0    12:15   0:00   0:00 
John Draeger             1  0  1   2  0   1  1  1  1  1  0/0    17:55   2:55   0:50 
Jonathan Matsumoto       0  0  0   0  0   3  1  0  0  0  17/29  22:16   5:16   1:03 
Juuso Ikonen             0  0  0   0  0   0  0  0  0  0  0/0     8:52   0:00   0:29 
Keaton Thompson          0  0  0  -1  0   0  0  3  0  0  0/0    12:46   0:00   0:00 
Kyle Platzer             0  0  0   0  0   0  0  0  0  0  0/0     0:35   0:00   0:35 
Logan Stephenson         0  0  0   0  0   3  3  4  0  0  0/0    25:38   7:00   1:09 
Matt Puempel             0  0  0   0  0   0  2  0  0  1  0/0    16:10   4:39   0:00 
Michael Downing          0  0  0  -1  0   0  0  0  0  0  0/0     5:06   0:00   0:00 
Michael Latta            0  1  1   0  0   0  1  0  0  0  4/10   17:05   4:39   0:55 
Mitchell Heard           0  0  0   0  0   0  0  0  0  0  0/0     0:00   0:00   0:00 
Nelson Nogier            0  0  0   0  0   2  0  1  0  0  0/0    13:03   0:00   0:03 
Niklas Hansson           0  0  0   2  0   1  2  5  0  1  0/0    17:55   2:55   0:50 
Pontus Aberg             0  0  0   0  0   6  0  0  0  0  0/2    21:13   5:16   0:00 
Rickard Rakell           0  1  1   0  2   5  1  0  1  0  1/2    21:23   5:09   0:00 
Roberts Lipsbergs        0  0  0   1  0   0  1  0  0  0  0/0    12:15   0:00   0:00 
Tim Bozon                0  0  0   0  0   0  0  0  0  0  0/0     0:00   0:00   0:00 
William Colbert          0  0  0   0  0   0  3  3  1  0  0/0    27:37   7:00   1:06 

Players Stats for Ice Dragons

Player Name              G  A  P  +/- PIM S  H  SB GA TA FO     MP     PP MP  PK MP  
------------------------------------------------------------------------------------
Adam Clendening          0  1  1   1  0   0  0  1  0  0  0/0    19:46   0:43   4:27 
Billy Sweat              0  0  0   0  0   1  1  0  0  0  0/0    16:05   0:49   0:00 
Boone Jenner             1  0  1   0  0   4  3  0  0  0  6/11   18:34   0:49   2:39 
Brandon Kozun            0  0  0  -1  2   3  3  0  0  1  0/1    15:38   0:57   0:00 
Brayden McNabb           0  0  0  -2  4   2  1  3  0  0  0/0    24:34   1:16   3:18 
Brian Boyle              0  0  0  -1  0   5  2  0  1  0  7/19   20:46   0:57   5:07 
Chris Wagner             0  0  0   0  0   2  0  1  0  0  1/1    11:29   0:13   0:00 
Corban Knight            0  0  0   0  0   3  1  0  0  0  5/6    14:53   0:00   3:21 
Jerome Gauthier-Leduc    0  0  0   0  0   1  0  0  0  0  0/0    14:28   0:00   0:19 
Jordan LaVallee          0  0  0  -1  0   6  0  0  1  0  4/9    24:12   0:57   5:06 
Justin Shugg             0  0  0   0  4   2  0  1  0  0  0/0    16:29   0:49   0:00 
Kevin Connauton          0  0  0  -2  0   0  0  4  0  0  0/0    26:05   1:16   5:28 
Logan MacMillan          0  0  0   0  0   3  1  1  1  1  0/0    11:57   0:13   0:00 
Phil Di Giuseppe         0  0  0   0  0   0  0  0  0  0  1/1     3:25   0:13   0:00 
Robin Norell             0  0  0   0  0   0  1  2  0  0  0/0    15:41   0:00   1:51 
Sam Carrick              0  0  0   0  0   0  2  0  0  0  1/3     8:15   0:00   1:56 
William Carrier          0  0  0   0  0   1  1  0  0  0  0/0     7:57   0:00   1:41 
Zach Trotman             0  0  0   1  0   4  0  0  0  1  0/0    19:46   0:43   4:27 

3 Stars

1 - Garret Sparks (Que)
2 - John Draeger (Que)
3 - Jerry D'Amigo (Que)

Power Play

Remparts - 0 on 5 Attempt(s) - 0.00%
Ice Dragons - 0 on 1 Attempt(s) - 0.00%

Penalty Kill

Remparts - 1 on 1 Attempt(s) - 100.00% - Score 0 goal in Penalty Kill
Ice Dragons - 5 on 5 Attempt(s) - 100.00% - Score 0 goal in Penalty Kill

Team Stat

Remparts - Hits : 21 - Faceoff Wins : 26 - Blocked Shots : 17 - Penalty Minutes : 2
Ice Dragons - Hits : 16 - Faceoff Wins : 25 - Blocked Shots : 13 - Penalty Minutes : 10

Official

Referees : Unknown
Linesman : Unknown

Game Notes

8:22 of 2nd period - Remparts goal is going for a video replay. After video review, No Goal. The puck has been directed, batted or thrown into the net by an attacking player other than with a stick.

Finance

Level 1 -- Attendance: 1424 (71.20%) -- Ticket Income $56,960
Level 2 -- Attendance: 606 (60.60%) -- Ticket Income $12,120
Total Attendance: 2030 (67.67%)
Total Ticket Income: $69,080
Other Income: $3,454
Total Income: $72,534

Remparts

5 vs 5 Forward 
   Center                   Left Wing                Right Wing               Time % Phy DF OF 
 1 Jonathan Matsumoto       Pontus Aberg             Rickard Rakell           40     1   2  2  
 2 Michael Latta            Matt Puempel             Guillaume Desbiens       30     1   2  2  
 3 Cédric Lalonde-McNicoll  Roberts Lipsbergs        Jerry D'Amigo            20     1   2  2  
 4 Brayden Point            Juuso Ikonen             Jake Virtanen            10     1   2  2  

5 vs 5 Defense 
   Defense                  Defense                                           Time % Phy DF OF 
 1 William Colbert          Logan Stephenson                                  40     1   2  2  
 2 John Draeger             Niklas Hansson                                    30     1   2  2  
 3 Keaton Thompson          Nelson Nogier                                     20     1   2  2  
 4 Michael Downing          William Colbert                                   10     1   2  2  

PowerPlay Forward 
   Center                   Left Wing                Right Wing               Time % Phy DF OF 
 1 Jonathan Matsumoto       Pontus Aberg             Rickard Rakell           60     1   2  2  
 2 Michael Latta            Matt Puempel             Guillaume Desbiens       40     1   2  2  

PowerPlay Defense
   Defense                  Defense                                           Time % Phy DF OF 
 1 William Colbert          Logan Stephenson                                  60     1   2  2  
 2 John Draeger             Niklas Hansson                                    40     1   2  2  

Penalty Kill 4 Players Forward 
   Center                   Wing                     Time % Phy DF OF 
 1 Jonathan Matsumoto       Michael Latta            60     1   2  2  
 2 Rickard Rakell           Guillaume Desbiens       40     1   2  2  

Penalty Kill 4 Players Defense
   Defense                  Defense                  Time % Phy DF OF 
 1 William Colbert          Logan Stephenson         60     1   2  2  
 2 John Draeger             Niklas Hansson           40     1   2  2  

Penalty Kill - 3 Players Forward 
   Forward                                           Time % Phy DF OF 
 1 Jonathan Matsumoto                                60     1   2  2  
 2 Michael Latta                                     40     1   2  2  

Penalty Kill - 3 Players Defense
   Defense                  Defense                  Time % Phy DF OF 
 1 William Colbert          Logan Stephenson         60     1   2  2  
 2 John Draeger             Niklas Hansson           40     1   2  2  

4 vs 4 Forward 
   Center                   Wing                     Time % Phy DF OF 
 1 Jonathan Matsumoto       Michael Latta            60     1   2  2  
 2 Rickard Rakell           Guillaume Desbiens       40     1   2  2  

4 vs 4 Defense
   Defense                  Defense                  Time % Phy DF OF 
 1 William Colbert          Logan Stephenson         60     1   2  2  
 2 John Draeger             Niklas Hansson           40     1   2  2  

Last Minutes Offensive
   Center                   Left Wing                Right Wing               Defense                  Defense                  
   Jonathan Matsumoto       Pontus Aberg             Rickard Rakell           William Colbert          Logan Stephenson         

Last Minutes Defensive
   Center                   Left Wing                Right Wing               Defense                  Defense                  
   Jonathan Matsumoto       Pontus Aberg             Rickard Rakell           William Colbert          Logan Stephenson         

Goaltenders
Starting : Garret Sparks            
Backup : Igor Bobkov              

Extra Forwards
Normal : Cedric Paquette, Mitchell Heard, Kyle Platzer - PP : Cedric Paquette, Mitchell Heard - PK : Kyle Platzer
Extra Defensemen
Normal : Keaton Thompson, Nelson Nogier, Michael Downing - PP : Keaton Thompson - PK : Nelson Nogier, Michael Downing
Penalty Shots
Jonathan Matsumoto, Michael Latta, Rickard Rakell, Guillaume Desbiens, Pontus Aberg

Scratches
Viktor Baldayev (Back Spasms Injury), Connor Honey (Healthy), Michal Jordan (Groin Injury), Marek Langhamer (Healthy)

Ice Dragons

5 vs 5 Forward 
   Center                   Left Wing                Right Wing               Time % Phy DF OF 
 1 Brian Boyle              Jordan LaVallee          Brandon Kozun            40     1   1  3  
 2 Boone Jenner             Billy Sweat              Justin Shugg             30     1   1  3  
 3 Corban Knight            Logan MacMillan          Chris Wagner             20     1   2  2  
 4 Sam Carrick              William Carrier          Jordan LaVallee          10     1   2  2  

5 vs 5 Defense 
   Defense                  Defense                                           Time % Phy DF OF 
 1 Brayden McNabb           Kevin Connauton                                   40     1   2  2  
 2 Zach Trotman             Adam Clendening                                   30     1   2  2  
 3 Jerome Gauthier-Leduc    Robin Norell                                      20     1   2  2  
 4 Brayden McNabb           Kevin Connauton                                   10     1   2  2  

PowerPlay Forward 
   Center                   Left Wing                Right Wing               Time % Phy DF OF 
 1 Brian Boyle              Jordan LaVallee          Brandon Kozun            60     1   2  2  
 2 Boone Jenner             Billy Sweat              Justin Shugg             40     1   2  2  

PowerPlay Defense
   Defense                  Defense                                           Time % Phy DF OF 
 1 Brayden McNabb           Kevin Connauton                                   60     1   2  2  
 2 Zach Trotman             Adam Clendening                                   40     1   2  2  

Penalty Kill 4 Players Forward 
   Center                   Wing                     Time % Phy DF OF 
 1 Jordan LaVallee          Brian Boyle              60     1   4  0  
 2 Boone Jenner             Corban Knight            40     1   4  0  

Penalty Kill 4 Players Defense
   Defense                  Defense                  Time % Phy DF OF 
 1 Brayden McNabb           Kevin Connauton          60     1   4  0  
 2 Zach Trotman             Adam Clendening          40     1   4  0  

Penalty Kill - 3 Players Forward 
   Forward                                           Time % Phy DF OF 
 1 Jordan LaVallee                                   60     1   4  0  
 2 Brian Boyle                                       40     1   4  0  

Penalty Kill - 3 Players Defense
   Defense                  Defense                  Time % Phy DF OF 
 1 Brayden McNabb           Kevin Connauton          60     1   4  0  
 2 Zach Trotman             Adam Clendening          40     1   4  0  

4 vs 4 Forward 
   Center                   Wing                     Time % Phy DF OF 
 1 Jordan LaVallee          Brian Boyle              60     1   1  3  
 2 Boone Jenner             Corban Knight            40     1   1  3  

4 vs 4 Defense
   Defense                  Defense                  Time % Phy DF OF 
 1 Brayden McNabb           Kevin Connauton          60     1   2  2  
 2 Zach Trotman             Adam Clendening          40     1   2  2  

Last Minutes Offensive
   Center                   Left Wing                Right Wing               Defense                  Defense                  
   Brian Boyle              Jordan LaVallee          Brandon Kozun            Brayden McNabb           Kevin Connauton          

Last Minutes Defensive
   Center                   Left Wing                Right Wing               Defense                  Defense                  
   Brian Boyle              Jordan LaVallee          Brandon Kozun            Brayden McNabb           Kevin Connauton          

Goaltenders
Starting : Harru Sateri             
Backup : Oscar Dansk              

Extra Forwards
Normal : Phil Di Giuseppe, Logan MacMillan, Sam Carrick - PP : Phil Di Giuseppe, Logan MacMillan - PK : Sam Carrick
Extra Defensemen
Normal : Jerome Gauthier-Leduc, Robin Norell, Zach Trotman - PP : Jerome Gauthier-Leduc - PK : Robin Norell, Zach Trotman
Penalty Shots
Jordan LaVallee, Brian Boyle, Boone Jenner, Corban Knight, Billy Sweat

Scratches
Thomas Gobeil (Healthy), Theodor Blueger (Healthy), Alex Henriksson (Healthy), Emil Pettersson (Healthy), Cole Ully (Healthy)
Alex Plante (Healthy), Juho Lammikko (Healthy), Samuel Groulx (Healthy)

% Time on Ice - Remparts

Lines # - Real PCT - Wanted PCT - Time Play
Normal Forward
1 - 33% - 40% - 15:24
2 - 24% - 30% - 11:31
3 - 26% - 20% - 12:15
4 - 17% - 10% - 8:00
Normal Defense
1 - 35% - 40% - 16:33
2 - 30% - 30% - 14:10
3 - 25% - 20% - 12:01
4 - 9% - 10% - 4:26
PP Forward
1 - 53% - 60% - 5:16
2 - 47% - 40% - 4:39
PP Defense
1 - 71% - 60% - 7:00
2 - 29% - 40% - 2:55
PK Forward
1 - 80% - 60% - 1:35
2 - 20% - 40% - 0:24
PK Defense
1 - 58% - 60% - 1:09
2 - 42% - 40% - 0:50
PK3 Forward
1 - 0% - 60%
2 - 0% - 40%
PK3 Defense
1 - 0% - 60%
2 - 0% - 40%
44 Forward
1 - 0% - 60%
2 - 0% - 40%
44 Defense
1 - 0% - 60%
2 - 0% - 40%
Last Minute Offensive  - 0:00
Last Minute Defensive  - 0:56
Total
Forward - 60:00
Defense - 60:00

% Time on Ice - Ice Dragons

Lines # - Real PCT - Wanted PCT - Time Play
Normal Forward
1 - 31% - 40% - 14:25
2 - 34% - 30% - 15:44
3 - 24% - 20% - 11:06
4 - 12% - 10% - 5:36
Normal Defense
1 - 38% - 40% - 17:52
2 - 31% - 30% - 14:22
3 - 28% - 20% - 13:18
4 - 3% - 10% - 1:19
PP Forward
1 - 59% - 60% - 1:10
2 - 41% - 40% - 0:49
PP Defense
1 - 64% - 60% - 1:16
2 - 36% - 40% - 0:43
PK Forward
1 - 73% - 60% - 7:16
2 - 27% - 40% - 2:39
PK Defense
1 - 58% - 60% - 5:45
2 - 42% - 40% - 4:10
PK3 Forward
1 - 0% - 60%
2 - 0% - 40%
PK3 Defense
1 - 0% - 60%
2 - 0% - 40%
44 Forward
1 - 0% - 60%
2 - 0% - 40%
44 Defense
1 - 0% - 60%
2 - 0% - 40%
Last Minute Offensive  - 1:15
Last Minute Defensive  - 0:00
Total
Forward - 60:00
Defense - 60:00

Play-by-Play

1st period


0:01 of 1st period - Brian Boyle wins face-off versus Jonathan Matsumoto in neutral zone.
0:14 of 1st period - Snap shot by Brian Boyle.
0:14 of 1st period - Stopped by Garret Sparks with a rebound.
0:27 of 1st period - Icing by Jonathan Matsumoto.
0:28 of 1st period - Michael Latta wins face-off versus Boone Jenner in Remparts zone.
0:53 of 1st period - Wrist shot by Guillaume Desbiens.
0:53 of 1st period - Shot Blocked by Logan MacMillan.
0:55 of 1st period - Snap shot by Cédric Lalonde-McNicoll.
0:55 of 1st period - Stopped by Harru Sateri without a rebound.
0:56 of 1st period - Cédric Lalonde-McNicoll wins face-off versus Corban Knight in Ice Dragons zone.
1:41 of 1st period - Snap shot by Corban Knight.
1:41 of 1st period - Stopped by Garret Sparks with a rebound.
1:57 of 1st period - Snap shot by Logan MacMillan.
1:57 of 1st period - Deflect By Corban Knight.
1:57 of 1st period - Stopped by Garret Sparks with a rebound.
1:59 of 1st period - Snap shot by Chris Wagner.
1:59 of 1st period - Shot Blocked by Nelson Nogier.
2:19 of 1st period - Snap shot by Corban Knight.
2:19 of 1st period - Stopped by Garret Sparks with a rebound.
2:21 of 1st period - Slapshot by Jerome Gauthier-Leduc.
2:21 of 1st period - Shot Misses the Net.
2:27 of 1st period - Snap shot by Logan MacMillan.
2:27 of 1st period - Deflect By Corban Knight.
2:27 of 1st period - Shot Misses the Net.
2:27 of 1st period - Puck is out of play.
2:28 of 1st period - Jonathan Matsumoto wins face-off versus Brian Boyle in Remparts zone.
2:53 of 1st period - Brayden McNabb is hit by Matt Puempel and loses puck.
4:06 of 1st period - Rickard Rakell is hit by Brian Boyle and loses puck.
4:13 of 1st period - Brian Boyle is hit by Logan Stephenson and loses puck.
5:16 of 1st period - Logan MacMillan is hit by Brayden Point and loses puck.
5:34 of 1st period - Off-side.
5:35 of 1st period - Sam Carrick wins face-off versus Cédric Lalonde-McNicoll in neutral zone.
6:37 of 1st period - Wrist shot by Cédric Lalonde-McNicoll.
6:37 of 1st period - Stopped by Harru Sateri with a rebound.
6:39 of 1st period - Slapshot by Logan Stephenson.
6:39 of 1st period - Stopped by Harru Sateri without a rebound.
6:40 of 1st period - Boone Jenner wins face-off versus Jonathan Matsumoto in Ice Dragons zone.
6:46 of 1st period - Off-side.
6:47 of 1st period - Jonathan Matsumoto wins face-off versus Boone Jenner in neutral zone.
6:52 of 1st period - Snap shot by Pontus Aberg.
6:52 of 1st period - Stopped by Harru Sateri with a rebound.
7:31 of 1st period - Icing by Brian Boyle.
7:32 of 1st period - Corban Knight wins face-off versus Brayden Point in Ice Dragons zone.
7:46 of 1st period - Wrist shot by Brayden Point.
7:46 of 1st period - Shot Blocked by Robin Norell.
7:48 of 1st period - Slapshot by Nelson Nogier.
7:48 of 1st period - Stopped by Harru Sateri with a rebound.
8:04 of 1st period - Wrist shot by Brian Boyle.
8:04 of 1st period - Shot Misses the Net.
8:06 of 1st period - Wrist shot by Jerome Gauthier-Leduc.
8:06 of 1st period - Shot Blocked by Keaton Thompson.
10:15 of 1st period - Jerome Gauthier-Leduc is hit by William Colbert and loses puck.
11:06 of 1st period - Rickard Rakell is hit by Sam Carrick and loses puck.
11:35 of 1st period - Logan Stephenson is hit by Brayden McNabb and loses puck.
12:00 of 1st period - Icing by Robin Norell.
12:01 of 1st period - Jonathan Matsumoto wins face-off versus Sam Carrick in Ice Dragons zone.
12:24 of 1st period - Wrist shot by Rickard Rakell.
12:24 of 1st period - Shot Hit the Post.
12:46 of 1st period - Wrist shot by Sam Carrick.
12:46 of 1st period - Shot Blocked by Niklas Hansson.
12:48 of 1st period - Slapshot by Robin Norell.
12:48 of 1st period - Shot Blocked by Niklas Hansson.
12:54 of 1st period - Snap shot by Jordan LaVallee.
12:54 of 1st period - Shot Blocked by Niklas Hansson.
12:56 of 1st period - Slapshot by Jerome Gauthier-Leduc.
12:56 of 1st period - Stopped by Garret Sparks without a rebound.
12:57 of 1st period - Michael Latta wins face-off versus Boone Jenner in Remparts zone.
13:06 of 1st period - Off-side.
13:07 of 1st period - Guillaume Desbiens wins face-off versus Boone Jenner in neutral zone.
13:17 of 1st period - Snap shot by Guillaume Desbiens.
13:17 of 1st period - Deflect By Brayden McNabb.
13:17 of 1st period - Stopped by Harru Sateri with a rebound.
13:19 of 1st period - Snap shot by William Colbert.
13:19 of 1st period - Shot Misses the Net.
13:41 of 1st period - Wrist shot by Guillaume Desbiens.
13:41 of 1st period - Stopped by Harru Sateri without a rebound.
13:42 of 1st period - Corban Knight wins face-off versus Jonathan Matsumoto in Ice Dragons zone.
13:52 of 1st period - Logan MacMillan is hit by Jonathan Matsumoto and loses puck.
14:12 of 1st period - Wrist shot by Brandon Kozun.
14:12 of 1st period - Deflect By Jordan LaVallee.
14:12 of 1st period - Shot Misses the Net.
14:12 of 1st period - Puck is out of play.
14:13 of 1st period - Cédric Lalonde-McNicoll wins face-off versus Brian Boyle in Remparts zone.
14:29 of 1st period - Brian Boyle is hit by William Colbert and loses puck.
15:23 of 1st period - Slapshot by Brian Boyle.
15:23 of 1st period - Deflect By Jordan LaVallee.
15:23 of 1st period - Stopped by Garret Sparks with a rebound.
15:25 of 1st period - Snap shot by Brian Boyle.
15:25 of 1st period - Stopped by Garret Sparks with a rebound.
15:27 of 1st period - Slapshot by Zach Trotman.
15:27 of 1st period - Shot Misses the Net.
15:29 of 1st period - Slapshot by Zach Trotman.
15:29 of 1st period - Shot Blocked by William Colbert.
15:31 of 1st period - Slapshot by Jordan LaVallee.
15:31 of 1st period - Stopped by Garret Sparks without a rebound.
15:32 of 1st period - Boone Jenner wins face-off versus Pontus Aberg in Remparts zone.
15:43 of 1st period - Wrist shot by Pontus Aberg.
15:43 of 1st period - Deflect By Billy Sweat.
15:43 of 1st period - Stopped by Harru Sateri with a rebound.
15:45 of 1st period - Snap shot by John Draeger.
15:45 of 1st period - Shot Blocked by Brayden McNabb.
15:47 of 1st period - Slapshot by Niklas Hansson.
15:47 of 1st period - Shot Misses the Net.
15:57 of 1st period - Brayden McNabb is hit by Jake Virtanen and loses puck.
16:06 of 1st period - Slapshot by Juuso Ikonen.
16:06 of 1st period - Shot Misses the Net.
17:06 of 1st period - Wrist shot by Boone Jenner.
17:06 of 1st period - Shot Blocked by Keaton Thompson.
17:08 of 1st period - Wrist shot by Zach Trotman.
17:08 of 1st period - Shot Blocked by Keaton Thompson.
17:10 of 1st period - Wrist shot by Billy Sweat.
17:10 of 1st period - Stopped by Garret Sparks without a rebound.
17:11 of 1st period - Chris Wagner wins face-off versus Rickard Rakell in Remparts zone.
17:26 of 1st period - Wrist shot by Rickard Rakell.
17:26 of 1st period - Shot Blocked by Brayden McNabb.
17:36 of 1st period - William Colbert is hit by Sam Carrick and loses puck.
19:25 of 1st period - Slapshot by Jonathan Matsumoto.
19:25 of 1st period - Shot Blocked by Adam Clendening.
19:40 of 1st period - Snap shot by Pontus Aberg.
19:40 of 1st period - Shot Misses the Net.
19:42 of 1st period - Wrist shot by Guillaume Desbiens.
19:42 of 1st period - Stopped by Harru Sateri without a rebound.
19:43 of 1st period - Brian Boyle wins face-off versus Michael Latta in Ice Dragons zone.
19:48 of 1st period - Matt Puempel is hit by Brandon Kozun.
19:56 of 1st period - Snap shot by Guillaume Desbiens.
19:56 of 1st period - Shot Misses the Net.
Goals for this period are 0 for Remparts vs 0 for Ice Dragons.
Shots for this period are 9 for Remparts vs 9 for Ice Dragons.

2nd period


0:01 of 2nd period - Brian Boyle wins face-off versus Jonathan Matsumoto in neutral zone.
0:03 of 2nd period - Off-side.
0:04 of 2nd period - Jonathan Matsumoto wins face-off versus Brian Boyle in neutral zone.
0:12 of 2nd period - Minor Penalty to Brayden McNabb for Hooking.
0:13 of 2nd period - Jonathan Matsumoto wins face-off versus Jordan LaVallee in Ice Dragons zone.
0:18 of 2nd period - Wrist shot by Rickard Rakell.
0:18 of 2nd period - Shot Blocked by Kevin Connauton.
0:28 of 2nd period - Snap shot by Rickard Rakell.
0:28 of 2nd period - Stopped by Harru Sateri with a rebound.
1:16 of 2nd period - Slapshot by Zach Trotman.
1:16 of 2nd period - Shot Blocked by Niklas Hansson.
1:22 of 2nd period - Rickard Rakell is hit by William Carrier and loses puck.
2:12 of 2nd period - Penalty to Brayden McNabb is over, Brayden McNabb is back on ice.
2:25 of 2nd period - Cédric Lalonde-McNicoll is hit by Boone Jenner and loses puck.
2:52 of 2nd period - Logan Stephenson is hit by Logan MacMillan and loses puck.
4:15 of 2nd period - Jonathan Matsumoto is hit by Brandon Kozun.
4:57 of 2nd period - Icing by Jerry D'Amigo.
4:58 of 2nd period - Corban Knight wins face-off versus Michael Latta in Remparts zone.
5:13 of 2nd period - Slapshot by Logan MacMillan.
5:13 of 2nd period - Stopped by Garret Sparks with a rebound.
5:23 of 2nd period - Snap shot by Boone Jenner.
5:23 of 2nd period - Goal by Boone Jenner - Remparts : 0 - Ice Dragons : 1.
5:24 of 2nd period - Brian Boyle wins face-off versus Jonathan Matsumoto in neutral zone.
5:35 of 2nd period - Slapshot by Jonathan Matsumoto.
5:35 of 2nd period - Stopped by Harru Sateri without a rebound.
5:36 of 2nd period - Jonathan Matsumoto wins face-off versus Brian Boyle in Ice Dragons zone.
6:08 of 2nd period - Slapshot by Zach Trotman.
6:08 of 2nd period - Stopped by Garret Sparks with a rebound.
6:10 of 2nd period - Snap shot by Justin Shugg.
6:10 of 2nd period - Stopped by Garret Sparks with a rebound.
6:26 of 2nd period - Logan MacMillan is hit by William Colbert and loses puck.
6:43 of 2nd period - Slapshot by Zach Trotman.
6:43 of 2nd period - Stopped by Garret Sparks with a rebound.
7:04 of 2nd period - Off-side.
7:05 of 2nd period - Boone Jenner wins face-off versus Jonathan Matsumoto in neutral zone.
7:54 of 2nd period - Slapshot by Rickard Rakell.
7:54 of 2nd period - Stopped by Harru Sateri without a rebound.
7:55 of 2nd period - Michael Latta wins face-off versus Brian Boyle in Ice Dragons zone.
8:01 of 2nd period - Minor Penalty to Brandon Kozun for Cross-checking.
8:02 of 2nd period - Jordan LaVallee wins face-off versus Michael Latta in Ice Dragons zone.
8:16 of 2nd period - Wrist shot by Guillaume Desbiens.
8:16 of 2nd period - Stopped by Harru Sateri without a rebound.
8:17 of 2nd period - Jonathan Matsumoto wins face-off versus Jordan LaVallee in Ice Dragons zone.
8:20 of 2nd period - Slapshot by Rickard Rakell.
8:20 of 2nd period - Shot Misses the Net.
8:22 of 2nd period - Snap shot by Pontus Aberg.
8:22 of 2nd period - Remparts goal is going for a video replay.
8:22 of 2nd period - The goal is refused. The puck has been directed, batted or thrown into the net by an attacking player other than with a stick..
8:23 of 2nd period - Jonathan Matsumoto wins face-off versus Jordan LaVallee in Ice Dragons zone.
8:24 of 2nd period - Slapshot by Rickard Rakell.
8:24 of 2nd period - Shot Misses the Net.
8:26 of 2nd period - Slapshot by William Colbert.
8:26 of 2nd period - Deflect By Rickard Rakell.
8:26 of 2nd period - Stopped by Harru Sateri with a rebound.
9:30 of 2nd period - Slapshot by William Colbert.
9:30 of 2nd period - Shot Misses the Net.
9:32 of 2nd period - Wrist shot by Pontus Aberg.
9:32 of 2nd period - Stopped by Harru Sateri with a rebound.
9:34 of 2nd period - Snap shot by Pontus Aberg.
9:34 of 2nd period - Stopped by Harru Sateri without a rebound.
9:35 of 2nd period - Jordan LaVallee wins face-off versus Michael Latta in Ice Dragons zone.
9:48 of 2nd period - Wrist shot by Michael Latta.
9:48 of 2nd period - Shot Blocked by Kevin Connauton.
10:01 of 2nd period - Penalty to Brandon Kozun is over, Brandon Kozun is back on ice.
10:10 of 2nd period - Snap shot by Jerry D'Amigo.
10:10 of 2nd period - Goal by Jerry D'Amigo - Remparts : 1 - Ice Dragons : 1.
10:11 of 2nd period - Boone Jenner wins face-off versus Michael Latta in neutral zone.
10:16 of 2nd period - Wrist shot by Boone Jenner.
10:16 of 2nd period - Shot Blocked by Logan Stephenson.
10:40 of 2nd period - Snap shot by Jordan LaVallee.
10:40 of 2nd period - Shot Misses the Net.
10:42 of 2nd period - Snap shot by Zach Trotman.
10:42 of 2nd period - Stopped by Garret Sparks with a rebound.
10:44 of 2nd period - Wrist shot by Jordan LaVallee.
10:44 of 2nd period - Stopped by Garret Sparks with a rebound.
10:54 of 2nd period - Snap shot by Corban Knight.
10:54 of 2nd period - Shot Blocked by Logan Stephenson.
10:58 of 2nd period - Snap shot by Corban Knight.
10:58 of 2nd period - Shot Misses the Net.
11:00 of 2nd period - Slapshot by Chris Wagner.
11:00 of 2nd period - Stopped by Garret Sparks with a rebound.
11:02 of 2nd period - Slapshot by Robin Norell.
11:02 of 2nd period - Deflect By Chris Wagner.
11:02 of 2nd period - Stopped by Garret Sparks with a rebound.
11:04 of 2nd period - Wrist shot by Robin Norell.
11:04 of 2nd period - Deflect By Logan MacMillan.
11:04 of 2nd period - Stopped by Garret Sparks with a rebound.
11:24 of 2nd period - Slapshot by William Colbert.
11:24 of 2nd period - Deflect By Jake Virtanen.
11:24 of 2nd period - Shot Misses the Net.
11:24 of 2nd period - Puck is out of play.
11:25 of 2nd period - Jonathan Matsumoto wins face-off versus Sam Carrick in Ice Dragons zone.
12:38 of 2nd period - Snap shot by Brian Boyle.
12:38 of 2nd period - Stopped by Garret Sparks without a rebound.
12:39 of 2nd period - Jonathan Matsumoto wins face-off versus Brian Boyle in Remparts zone.
12:54 of 2nd period - Snap shot by Brandon Kozun.
12:54 of 2nd period - Shot Blocked by Niklas Hansson.
13:10 of 2nd period - Snap shot by Rickard Rakell.
13:10 of 2nd period - Stopped by Harru Sateri with a rebound.
13:12 of 2nd period - Slapshot by Pontus Aberg.
13:12 of 2nd period - Deflect By Rickard Rakell.
13:12 of 2nd period - Deflect By Logan MacMillan.
13:12 of 2nd period - Shot Misses the Net.
13:12 of 2nd period - Puck is out of play.
13:13 of 2nd period - Jordan LaVallee wins face-off versus Michael Latta in Ice Dragons zone.
13:27 of 2nd period - Snap shot by Brian Boyle.
13:27 of 2nd period - Stopped by Garret Sparks without a rebound.
13:28 of 2nd period - Brian Boyle wins face-off versus Jonathan Matsumoto in Remparts zone.
13:29 of 2nd period - Snap shot by Jordan LaVallee.
13:29 of 2nd period - Stopped by Garret Sparks without a rebound.
13:30 of 2nd period - Jonathan Matsumoto wins face-off versus Brandon Kozun in Remparts zone.
13:37 of 2nd period - Slapshot by Jonathan Matsumoto.
13:37 of 2nd period - Shot Hit the Post.
13:39 of 2nd period - Snap shot by William Colbert.
13:39 of 2nd period - Shot Blocked by Kevin Connauton.
13:41 of 2nd period - Wrist shot by Rickard Rakell.
13:41 of 2nd period - Shot Hit the Post.
13:43 of 2nd period - Slapshot by Jonathan Matsumoto.
13:43 of 2nd period - Shot Misses the Net.
13:45 of 2nd period - Snap shot by Pontus Aberg.
13:45 of 2nd period - Stopped by Harru Sateri with a rebound.
13:55 of 2nd period - Logan Stephenson is hit by Boone Jenner.
14:08 of 2nd period - Minor Penalty to Justin Shugg for Holding Stick.
14:09 of 2nd period - Jordan LaVallee wins face-off versus Jonathan Matsumoto in Ice Dragons zone.
14:09 of 2nd period - Jordan LaVallee is hit by Rickard Rakell.
15:01 of 2nd period - Brian Boyle is hit by Niklas Hansson and loses puck.
15:18 of 2nd period - Adam Clendening is hit by Guillaume Desbiens and loses puck.
16:08 of 2nd period - Penalty to Justin Shugg is over, Justin Shugg is back on ice.
16:18 of 2nd period - Wrist shot by William Carrier.
16:18 of 2nd period - Shot Blocked by Logan Stephenson.
16:35 of 2nd period - Off-side.
16:36 of 2nd period - Brayden Point wins face-off versus Boone Jenner in neutral zone.
17:27 of 2nd period - Minor Penalty to Justin Shugg for Roughing.
17:28 of 2nd period - Jonathan Matsumoto wins face-off versus Jordan LaVallee in Ice Dragons zone.
17:43 of 2nd period - Wrist shot by Rickard Rakell.
17:43 of 2nd period - Shot Blocked by Kevin Connauton.
18:10 of 2nd period - Corban Knight is hit by Matt Puempel and loses puck.
18:33 of 2nd period - Wrist shot by Guillaume Desbiens.
18:33 of 2nd period - Shot Misses the Net.
19:27 of 2nd period - Penalty to Justin Shugg is over, Justin Shugg is back on ice.
19:41 of 2nd period - Justin Shugg is hit by Jerry D'Amigo and loses puck.
19:54 of 2nd period - Snap shot by Brayden Point.
19:54 of 2nd period - Stopped by Harru Sateri without a rebound.
19:55 of 2nd period - Corban Knight wins face-off versus Brayden Point in Ice Dragons zone.
Goals for this period are 1 for Remparts vs 1 for Ice Dragons.
Shots for this period are 12 for Remparts vs 13 for Ice Dragons.

3rd period


0:01 of 3rd period - Jonathan Matsumoto wins face-off versus Brian Boyle in neutral zone.
0:08 of 3rd period - Wrist shot by Jordan LaVallee.
0:08 of 3rd period - Stopped by Garret Sparks with a rebound.
0:10 of 3rd period - Slapshot by Brandon Kozun.
0:10 of 3rd period - Stopped by Garret Sparks without a rebound.
0:11 of 3rd period - Jonathan Matsumoto wins face-off versus Brian Boyle in Remparts zone.
0:11 of 3rd period - Jonathan Matsumoto is hit by Brian Boyle.
1:07 of 3rd period - Wrist shot by Jerry D'Amigo.
1:07 of 3rd period - Stopped by Harru Sateri with a rebound.
1:09 of 3rd period - Slapshot by Logan Stephenson.
1:09 of 3rd period - Stopped by Harru Sateri without a rebound.
1:10 of 3rd period - Brian Boyle wins face-off versus Jonathan Matsumoto in Ice Dragons zone.
1:45 of 3rd period - Snap shot by Logan MacMillan.
1:45 of 3rd period - Stopped by Garret Sparks without a rebound.
1:46 of 3rd period - Michael Latta wins face-off versus Brian Boyle in Remparts zone.
2:15 of 3rd period - Wrist shot by Boone Jenner.
2:15 of 3rd period - Stopped by Garret Sparks with a rebound.
2:17 of 3rd period - Slapshot by Zach Trotman.
2:17 of 3rd period - Stopped by Garret Sparks with a rebound.
2:45 of 3rd period - Snap shot by Brayden Point.
2:45 of 3rd period - Shot Misses the Net.
2:47 of 3rd period - Snap shot by Brayden Point.
2:47 of 3rd period - Shot Blocked by Chris Wagner.
2:57 of 3rd period - Slapshot by Zach Trotman.
2:57 of 3rd period - Shot Misses the Net.
3:25 of 3rd period - Backhand shot by Guillaume Desbiens.
3:25 of 3rd period - Shot Blocked by Brayden McNabb.
3:43 of 3rd period - Slapshot by Brayden McNabb.
3:43 of 3rd period - Stopped by Garret Sparks with a rebound.
3:45 of 3rd period - Snap shot by William Carrier.
3:45 of 3rd period - Stopped by Garret Sparks with a rebound.
3:57 of 3rd period - Logan MacMillan is hit by Niklas Hansson and loses puck.
4:29 of 3rd period - Slapshot by Boone Jenner.
4:29 of 3rd period - Stopped by Garret Sparks with a rebound.
4:35 of 3rd period - Boone Jenner is hit by Michael Latta and loses puck.
5:09 of 3rd period - Logan MacMillan is hit by Logan Stephenson and loses puck.
5:34 of 3rd period - Snap shot by Brandon Kozun.
5:34 of 3rd period - Stopped by Garret Sparks with a rebound.
5:39 of 3rd period - Off-side.
5:40 of 3rd period - Boone Jenner wins face-off versus Jonathan Matsumoto in neutral zone.
5:45 of 3rd period - Slapshot by Brayden McNabb.
5:45 of 3rd period - Stopped by Garret Sparks with a rebound.
5:47 of 3rd period - Slapshot by Boone Jenner.
5:47 of 3rd period - Stopped by Garret Sparks with a rebound.
5:49 of 3rd period - Snap shot by Justin Shugg.
5:49 of 3rd period - Stopped by Garret Sparks without a rebound.
5:50 of 3rd period - Boone Jenner wins face-off versus Pontus Aberg in Remparts zone.
6:07 of 3rd period - Wrist shot by John Draeger.
6:07 of 3rd period - Goal by John Draeger - Remparts : 2 - Ice Dragons : 1.
6:08 of 3rd period - Jonathan Matsumoto wins face-off versus Brian Boyle in neutral zone.
6:27 of 3rd period - Minor Penalty to Rickard Rakell for Interference.
6:28 of 3rd period - Jonathan Matsumoto wins face-off versus Brian Boyle in Remparts zone.
6:28 of 3rd period - Jonathan Matsumoto is hit by Brandon Kozun.
6:42 of 3rd period - Snap shot by Jordan LaVallee.
6:42 of 3rd period - Shot Blocked by Logan Stephenson.
8:27 of 3rd period - Penalty to Rickard Rakell is over, Rickard Rakell is back on ice.
9:03 of 3rd period - Cédric Lalonde-McNicoll is hit by Robin Norell and loses puck.
9:20 of 3rd period - Slapshot by Logan Stephenson.
9:20 of 3rd period - Stopped by Harru Sateri with a rebound.
9:29 of 3rd period - Icing by Brian Boyle.
9:30 of 3rd period - Rickard Rakell wins face-off versus Brian Boyle in Ice Dragons zone.
10:39 of 3rd period - Billy Sweat is hit by Brayden Point and loses puck.
10:48 of 3rd period - Juuso Ikonen is hit by Billy Sweat and loses puck.
11:05 of 3rd period - Wrist shot by Jake Virtanen.
11:05 of 3rd period - Shot Blocked by Justin Shugg.
11:07 of 3rd period - Minor Penalty to Brayden McNabb for Hooking.
11:08 of 3rd period - Jonathan Matsumoto wins face-off versus Jordan LaVallee in Ice Dragons zone.
11:21 of 3rd period - Wrist shot by Jonathan Matsumoto.
11:21 of 3rd period - Shot Misses the Net.
11:23 of 3rd period - Backhand shot by Jonathan Matsumoto.
11:23 of 3rd period - Stopped by Harru Sateri with a rebound.
12:53 of 3rd period - Logan Stephenson is hit by Boone Jenner and loses puck.
13:07 of 3rd period - Penalty to Brayden McNabb is over, Brayden McNabb is back on ice.
13:51 of 3rd period - Brayden Point is hit by Corban Knight and loses puck.
15:26 of 3rd period - Zach Trotman is hit by Guillaume Desbiens and loses puck.
15:54 of 3rd period - Off-side.
15:55 of 3rd period - Phil Di Giuseppe wins face-off versus Cédric Lalonde-McNicoll in neutral zone.
15:57 of 3rd period - Brayden McNabb is hit by Roberts Lipsbergs and loses puck.
16:10 of 3rd period - Slapshot by Kevin Connauton.
16:10 of 3rd period - Shot Blocked by John Draeger.
16:26 of 3rd period - Snap shot by Jonathan Matsumoto.
16:26 of 3rd period - Stopped by Harru Sateri with a rebound.
16:28 of 3rd period - Slapshot by Niklas Hansson.
16:28 of 3rd period - Stopped by Harru Sateri with a rebound.
16:32 of 3rd period - Slapshot by Rickard Rakell.
16:32 of 3rd period - Stopped by Harru Sateri with a rebound.
16:46 of 3rd period - Snap shot by Jake Virtanen.
16:46 of 3rd period - Shot Misses the Net.
16:48 of 3rd period - Slapshot by Nelson Nogier.
16:48 of 3rd period - Stopped by Harru Sateri without a rebound.
16:49 of 3rd period - Corban Knight wins face-off versus Jonathan Matsumoto in Ice Dragons zone.
17:01 of 3rd period - Slapshot by Corban Knight.
17:01 of 3rd period - Shot Misses the Net.
17:03 of 3rd period - Slapshot by Kevin Connauton.
17:03 of 3rd period - Shot Misses the Net.
17:39 of 3rd period - Snap shot by Jerry D'Amigo.
17:39 of 3rd period - Shot Misses the Net.
17:41 of 3rd period - Slapshot by Cédric Lalonde-McNicoll.
17:41 of 3rd period - Stopped by Harru Sateri with a rebound.
17:43 of 3rd period - Snap shot by Jerry D'Amigo.
17:43 of 3rd period - Shot Blocked by Robin Norell.
17:55 of 3rd period - Billy Sweat is hit by Logan Stephenson and loses puck.
18:29 of 3rd period - Chris Wagner is hit by John Draeger and loses puck.
18:50 of 3rd period - Ice Dragons, Harru Sateri is pulled from the net.
19:08 of 3rd period - Snap shot by Brandon Kozun.
19:08 of 3rd period - Deflect By William Colbert.
19:08 of 3rd period - Shot Misses the Net.
19:08 of 3rd period - Puck is out of play.
19:09 of 3rd period - Dale Hunter call a timeout for Ice Dragons.
19:09 of 3rd period - Brian Boyle wins face-off versus Jonathan Matsumoto in Remparts zone.
19:37 of 3rd period - Wrist shot by Jordan LaVallee.
19:37 of 3rd period - Shot Blocked by William Colbert.
19:43 of 3rd period - Wrist shot by Jordan LaVallee.
19:43 of 3rd period - Shot Misses the Net.
19:45 of 3rd period - Snap shot by Jordan LaVallee.
19:45 of 3rd period - Shot Blocked by William Colbert.
19:47 of 3rd period - Snap shot by Jordan LaVallee.
19:47 of 3rd period - Stopped by Garret Sparks with a rebound.
19:49 of 3rd period - Slapshot by Brian Boyle.
19:49 of 3rd period - Stopped by Garret Sparks with a rebound.
19:51 of 3rd period - Wrist shot by Brian Boyle.
19:51 of 3rd period - Shot Misses the Net.
19:53 of 3rd period - Snap shot by Brandon Kozun.
19:53 of 3rd period - Stopped by Garret Sparks with a rebound.
19:55 of 3rd period - Wrist shot by Kevin Connauton.
19:55 of 3rd period - Shot Misses the Net.
19:57 of 3rd period - Slapshot by Jordan LaVallee.
19:57 of 3rd period - Shot Misses the Net.
Goals for this period are 1 for Remparts vs 0 for Ice Dragons.
Shots for this period are 10 for Remparts vs 15 for Ice Dragons.